 Dungeon Crawl Stone Soup version 0.29-a0-819-g94b489e0ae (webtiles) character file.

Game seed: 10282085514313831858

63 Lekart the Trooper (level 3, -6/33 HPs)
             Began as a Draconian Fighter on July 7, 2022.
             Was an Initiate of Ashenzari.
             Splashed by a jelly's acid (9 damage)
             ... on level 2 of the Dungeon.
             The game lasted 00:02:12 (1184 turns).

Lekart the Trooper (Draconian Fighter)              Turns: 1184, Time: 00:02:13

Health: -6/33      AC:  1    Str: 20    XL:     3   Next: 87%
Magic:  3/3        EV: 12    Int:  8    God:    Ashenzari [......]
Gold:   50         SH:  4    Dex: 10    Spells: 2/2 levels left

rFire   . . .      SeeInvis .   a - +0 war axe
rCold   . . .      Faith    .   b - +0 buckler
rNeg    . . .      Spirit   .   (body armour unavailable)
rPois   .          Reflect  .   (helmet restricted)
rElec   .          Harm     .   (no cloak)
rCorr   .          Rampage  .   (no gloves)
Will    .....                   (no boots)
Stlth   +.........              (no amulet)
HPRegen 0.11/turn               (no ring)
MPRegen 0.08/turn               (no ring)

@: corroded, slowed, very slow
A: AC +5, unfitting armour, cold-blooded
a: Renounce Religion, Curse Item


You were on level 2 of the Dungeon.
You worshipped Ashenzari.
Ashenzari was noncommittal.
You visited 1 branch of the dungeon, and saw 2 of its levels.

You collected 50 gold pieces.

Inventory:

Hand Weapons
 a - a +0 war axe (weapon)
Missiles
 g - 8 boomerangs (quivered)
Armour
 b - a +0 buckler (worn)
Jewellery
 i - a ring of ice
Scrolls
 d - a scroll of fear {unknown}
 f - 2 scrolls of identify {unknown}
 k - a scroll of teleportation {unknown}
Potions
 c - a potion of might
 e - a potion of ambrosia {unknown}
 h - 2 potions of curing {unknown}
 j - a potion of flight {unknown}


   Skills:
 + Level 3.8 Fighting
 + Level 2.6 Axes
 + Level 0.8 Throwing
 + Level 3.2 Dodging
 + Level 3.3 Shields


You had 2 spell levels left.
You didn't know any spells.
Your spell library contained the following spells:

 Spells                   Type           Power      Damage    Failure   Level
 Portal Projectile        Hex/Tloc       0%         N/A       86%         3
 Tukima's Dance           Hex            0%         N/A       86%         3
 Blade Hands              Tmut           0%         N/A       100%        5


Dungeon Overview and Level Annotations

Branches:
Dungeon (2/15)

Altars:
Ashenzari


Innate Abilities, Weirdness & Mutations

Your plain brown scales are hard. (AC +5)
You cannot fit into any form of body armour.
You are cold-blooded and may be slowed by cold attacks.


Message History

Key pressed, stopping explore.
You open the door.
An endoplasm and a jelly come into view.
The endoplasm quivers.
There are monsters nearby!
Throw: 8 boomerangs
Press: ? - help, Q - select action Shift-Dir - straight line, f - endoplasm
Aim: an endoplasm (85% to hit)
You throw a boomerang. The boomerang hits the endoplasm.
The endoplasm is almost dead.
An endoplasm comes into view. 2 jellies and 7 endoplasms come into view.
Found four items.
The endoplasm quivers. x2; The jelly quivers. x2; The endoplasm quivers.
There is an open door here.
The jelly quivers.
You slash the endoplasm!
You kill the endoplasm!
You slash the endoplasm!
You kill the endoplasm!
The endoplasm quivers.
You slash the endoplasm!
You kill the endoplasm!
The jelly hits you but does no damage.
You hit the jelly.
Your hands burn!
The jelly is moderately wounded.
You hit the jelly. The acid corrodes you!
Your hands burn!
The jelly barely misses you. The jelly hits you but does no damage.
You hit the jelly.
Your hands burn!
The jelly is heavily wounded.
You hit the endoplasm but do no damage. You hit the jelly.
Your hands burn!
The endoplasm freezes you.
You are frozen.
You feel yourself slow down. The jelly closely misses you. The jelly hits you.
You are splashed with acid!
* * * LOW HITPOINT WARNING * * *
The jelly barely misses you.
The endoplasm hits the fungus.
The fungus begins to die.
The jelly hits you.
* * * LOW HITPOINT WARNING * * *
You are splashed with acid!
You die...

#(# #..##...(...#
#.####..##.......#
........##.......#
#####...##.......#
....#..######....#
###.#..###..'....#
###.#..##.########
....#..###).....##
#####..# #######@#
.......#


.P..JJJJJ# ..>....# J÷....JJ.# #.###### .P.P.÷.P.# #.# ..J÷...P.# #.# .÷.P÷..P.#
#.# :.÷P.P÷..# ..# ########## #.# You could see 3 jellies and 6 endoplasms.

Vanquished Creatures
  An adder (D:2)
  An orc (D:2)
  5 bats
  6 endoplasms
  3 giant cockroaches
  5 goblins
  A hobgoblin (D:1)
  4 jackals
  8 kobolds
  2 quokkas (D:1)
  4 ball pythons
  3 frilled lizards (D:1)
  4 rats
  A spectral hobgoblin (D:1)
48 creatures vanquished.

Vanquished Creatures (others)
  6 toadstools (D:2)
6 creatures vanquished.

Grand Total: 54 creatures vanquished

Notes
Turn   | Place    | Note
-------+----------+-------------------------------------------
     0 | D:1      | Lekart the Draconian Fighter began the quest for the Orb.
     0 | D:1      | Reached XP level 1. HP: 19/19 MP: 1/1
    81 | D:1      | Found a faded altar of an unknown god.
   133 | D:1      | Prayed at the altar of an unknown god.
   133 | D:1      | Became a worshipper of Ashenzari the Shackled
   331 | D:1      | Reached XP level 2. HP: 26/26 MP: 2/2
   477 | D:1      | Reached XP level 3. HP: 16/33 MP: 3/3
  1184 | D:2      | Splashed by a jelly's acid

Illustrated notes

Levels and vault maps discovered:
D:1:      sevenhm_arrival_forest_fort_small_5, layout_rooms,
          dreamdust_ecumenical_altar_drowned_temple,
          chequers_serial_rivers_micro_e, minmay_vboxes
D:2:      cheibrodos_fertilizer, layout_rooms, serial_co_window_serial,
          co_window_of_opportunity_a, co_window_cross_1, co_window_paths_a,
          co_window_paths_a, co_window_paths_a, co_window_2corner,
          co_window_of_opportunity_b, co_window_corner_b,
          co_window_unsneaky_path_d, co_window_broadway_b, co_window_corner_b,
          co_window_2corner, co_window_paths_e

Skill      XL: |  1  2 |
---------------+-------+-----
Dodging        | 3 |  3.2
Fighting       | |  3.8
Axes           | |  2.6
Throwing       | |  0.8
Shields        | |  3.3

Action                   || total
-------------------------++-------
Melee: War axe           ||    98
       Tailslap          ||     6
Throw: Boomerang         ||    60
Armor: Skin              ||    48
Dodge: Dodged            ||    94
Block: Buckler           ||    38

Table legend: (Time is in decaauts)
 A = Elapsed time spent in this place.
 B = Non-inter-level travel time spent in this place.
 C = Inter-level travel time spent in this place.
 D = Time resting spent in this place.
 E = Time spent auto-exploring this place.
 F = Levels seen in this place.
 G = Mean time per level.
                   A        B        C        D        E       F      G
               +--------+--------+--------+--------+--------+-----+--------+
         Total |   1252 |   1218 |     34 |      0 |    889 |   2 |  626.0 |
       Dungeon |   1252 |   1218 |     34 |      0 |    889 |   2 |  626.0 |
               +--------+--------+--------+--------+--------+-----+--------+

Top non-repeatable levels by time:
     D:1: 779 daAuts
     D:2: 473 daAuts
